 Dungeon Crawl Stone Soup version 0.30.0-10-gfe55d96785 (webtiles) character file.

Game seed: 17112397280650183515

1659 qeuew the Protected (level 8, -1/71 HPs)
             Began as a Minotaur Fighter on May 15, 2023.
             Was a Follower of Ru.
             Killed from afar by a steam dragon (8 damage)
             ... with a ball of steam
             ... on level 5 of the Dungeon.
             The game lasted 00:05:07 (4458 turns).

qeuew the Protected (Minotaur Fighter)              Turns: 4458, Time: 00:05:09

Health: -1/71      AC:  8    Str: 21    XL:     8   Next: 68%
Magic:  7/7        EV: 11    Int:  5    God:    Ru [*.....]
Gold:   366        SH:  6    Dex: 12    Spells: 7/7 levels left

rFire   . . .        a - +1 war axe
rCold   . . .        c - +1 buckler
rNeg    . . .        b - +0 scale mail
rPois   .            (helmet restricted)
rElec   .            (no cloak)
rCorr   .            (no gloves)
SInv    .            (no boots)
Will    +....        (no amulet) Stlth
                     l - ring of willpower
HPRegen 0.31/turn    (no ring)
MPRegen 0.10/turn

%: no passive effects
@: unable to drink, very slow
A: horns 2, inability to drink after injury 2, retaliatory headbutt
a: Renounce Religion


You were on level 5 of the Dungeon.
You worshipped Ru.
Ru was aware of your devotion.
You visited 1 branch of the dungeon, and saw 5 of its levels.

You collected 366 gold pieces.

Inventory:

Hand Weapons
 a - a +1 war axe (weapon)
Armour
 b - a +0 scale mail (worn)
 c - a +1 buckler (worn)
Jewellery
 l - a ring of willpower (left hand)
Wands
 h - a wand of charming (4) (quivered)
 q - a wand of polymorph (8)
Scrolls
 e - 2 scrolls of identify
 g - 2 scrolls of immolation
 i - 3 scrolls of teleportation
 j - a scroll of fog
 o - a scroll of noise {unknown}
Potions
 d - 4 potions of might
 f - a potion of cancellation
 k - 3 potions of heal wounds
 n - a potion of curing
 p - a potion of brilliance


   Skills:
 + Level 6.3 Fighting
 + Level 5.6 Axes
 * Level 8.2 Armour
 + Level 4.3 Dodging
 + Level 6.2 Shields
 + Level 2.9 Evocations


You had 7 spell levels left.
You didn't know any spells.
Your spell library contained the following spells:

 Spells                   Type           Power      Damage    Failure   Level
 Apportation              Tloc           0%         N/A       83%         1
 Necrotise                Necr           0%         1d4       83%         1
 Summon Small Mammal      Summ           0%         N/A       83%         1
 Inner Flame              Hex/Fire       0%         N/A       99%         3
 Portal Projectile        Hex/Tloc       0%         N/A       99%         3
 Tukima's Dance           Hex            0%         N/A       99%         3
 Blade Hands              Tmut           0%         N/A       100%        5
 Yara's Violent Unravell  Hex/Tmut       0%         3d3       100%        5
 Enfeeble                 Hex            0%         N/A       100%        7


Dungeon Overview and Level Annotations

Branches:
Dungeon (5/15)             Temple (0/1) D:5

Altars:
Okawaru
Ru
Sif Muna
Trog
Uskayaw
The Shining One


Innate Abilities, Weirdness & Mutations

You have a pair of horns on your head.
You sometimes lose the ability to drink potions when taking damage.
You reflexively headbutt those who attack you in melee.


Message History

As you read the scroll of fear, it crumbles to dust.
You assume a fearsome visage.
The steam dragon looks frightened! x2
The steam dragon begins to attack, but is stunned by your conviction!
Aiming: Charm
Press: ? - help, Q - select action, (/) - cycle Shift-Dir - straight line, f - steam dragon
Aim: a steam dragon (severely wounded, fleeing, chance to affect: 56%)
Okay, then.
Aiming: Charm
Press: ? - help, Q - select action, (/) - cycle Shift-Dir - straight line, f - steam dragon
Aim: a steam dragon (severely wounded, fleeing, chance to affect: 56%)
Okay, then.
You enter the shallow water.
Moving in this stuff is going to be slow.
You are engulfed in a cloud of scalding steam.
* * * LOW HITPOINT WARNING * * *
The steam dragon begins to attack, but is stunned by your conviction!
Aiming: Charm
Press: ? - help, Q - select action, (/) - cycle Shift-Dir - straight line, f - steam dragon
Aim: a steam dragon (steam, water, moderately wounded, fleeing, chance to affect: 56%)
Your attack snaps the steam dragon out of its fear.
The steam dragon resists with significant effort.
The steam dragon misses you. The steam dragon completely misses you.
Aiming: Charm
Press: ? - help, Q - select action, (/) - cycle Shift-Dir - straight line, f/p - steam dragon
Aim: a steam dragon (water, moderately wounded, chance to affect: 56%)
The steam dragon is charmed.
Unknown command.
What are your orders? t - Shout!
Orders for allies: a - Attack new target. p - Attack previous target. r - Retreat! s - Stop attacking. g - Guard the area. f - Follow me.
Anything else - Cancel.
Gang up on whom?
Press: ? - help, Dir - move target, f - steam dragon, p - steam dragon
Aim: a steam dragon (severely wounded, fleeing) Attack!
The steam dragon breathes steam at you. The ball of steam hits you!
You die...

#.##...##..##^.P#####......#..#
#.##...##..##~.~#.........##..#
#..........##..~#.##########...
####...###.##~..#.##......##.##
#......#.###..#.........##.##
#....#.#.# #^D####......##.##
####....#.#.# #.§##
#......##.## #.........#.#
#§..# #...........
#...........# #@DP#
#........... ##.........#.#
#≈..# #####.......
........##.### #..~# #.......
###.....##.# #~..#######.......
#.))..##.# #...##............
#..<..##.# ~~..~#............
###.)...##.#
~P^..~########.#.##
........##.# P~....^P #.#.#
###.....##.##P~.....~# #.#.#


You could see a steam dragon (fleeing, catching breath, ally target) and a
friendly steam dragon (charmed).

Vanquished Creatures
  Pikel (D:4)
  Sigmund (D:4)
  Edmund (D:5)
  A water moccasin (D:5)
  Duvessa (D:5)
  A black bear (D:4)
  An ogre (D:5)
  3 lemures (D:4)
  A phantom (D:4)
  Dowan (D:5)
  3 hounds
  4 orc priests (D:5)
  An iguana (D:5)
  An orc wizard (D:5)
  5 adders
  An ufetubus (D:5)
  A worm (D:2)
  4 dart slugs
  26 orcs
  7 endoplasms
  2 giant cockroaches
  12 hobgoblins
  6 jackals
  6 kobolds
  5 quokkas
  10 ball pythons
  6 bats
  7 frilled lizards
  9 goblins
  5 rats
  A spectral hobgoblin (D:1)
134 creatures vanquished.

Notes
Turn   | Place    | Note
-------+----------+-------------------------------------------
     0 | D:1      | qeuew the Minotaur Fighter began the quest for the Orb.
     0 | D:1      | Reached XP level 1. HP: 19/19 MP: 0/0
    44 | D:1      | Found a faded altar of an unknown god.
   141 | D:1      | Reached XP level 2. HP: 24/27 MP: 1/1
   172 | D:1      | Reached skill level 4 in Armour
   620 | D:1      | Reached XP level 3. HP: 33/33 MP: 2/2
   679 | D:1      | Reached skill level 1 in Dodging
  1128 | D:2      | Reached XP level 4. HP: 40/40 MP: 3/3
  1404 | D:3      | Found a glowing golden altar of the Shining One.
  1865 | D:4      | Found a sacrificial altar of Ru.
  1879 | D:4      | Became a worshipper of Ru the Awakened
  1904 | D:4      | Noticed a black bear
  1914 | D:4      | Killed a black bear
  1915 | D:4      | Reached skill level 5 in Armour
  1915 | D:4      | Reached XP level 5. HP: 36/47 MP: 4/4
  2040 | D:4      | Noticed a lemure
  2040 | D:4      | Noticed a lemure
  2041 | D:4      | Noticed a lemure
  2041 | D:4      | Noticed Pikel
  2067 | D:4      | Killed a lemure
  2069 | D:4      | Killed a lemure
  2074 | D:4      | Killed a lemure
  2143 | D:4      | Found a shimmering blue altar of Sif Muna.
  2143 | D:4      | Noticed a phantom
  2159 | D:4      | Killed a phantom
  2160 | D:4      | Reached XP level 6. HP: 33/53 MP: 5/5
  2206 | D:4      | Killed Pikel
  2207 | D:4      | Reached skill level 5 in Fighting
  2207 | D:4      | Reached skill level 6 in Armour
  2207 | D:4      | Reached skill level 5 in Shields
  2207 | D:4      | Reached skill level 1 in Evocations
  2207 | D:4      | Reached XP level 7. HP: 32/61 MP: 6/6
  2322 | D:4      | Noticed Sigmund
  2332 | D:4      | Killed Sigmund
  2333 | D:4      | Reached skill level 7 in Armour
  3015 | D:5      | Entered Level 5 of the Dungeon
  3050 | D:5      | Reached XP level 8. HP: 69/70 MP: 7/7
  3111 | D:5      | Noticed Duvessa
  3111 | D:5      | Noticed Dowan
  3116 | D:5      | Killed Dowan
  3117 | D:5      | Reached skill level 5 in Axes
  3121 | D:5      | Killed Duvessa
  3383 | D:5      | Found a staircase to the Ecumenical Temple.
  3449 | D:5      | Gained mutation: You occasionally lose the ability to drink
                  | potions when taking damage. [Ru sacrifice]
  3449 | D:5      | Gained mutation: You sometimes lose the ability to drink
                  | potions when taking damage. [Ru sacrifice]
  3449 | D:5      | Reached * piety under Ru
  3515 | D:5      | Noticed Edmund
  3525 | D:5      | Killed Edmund
  3704 | D:5      | Found a bloodstained altar of Trog.
  3914 | D:5      | Reached skill level 8 in Armour
  3933 | D:5      | Found a hide-covered altar of Uskayaw.
  3933 | D:5      | Found an iron altar of Okawaru.
  4458 | D:5      | Killed from afar by a steam dragon

Illustrated notes

Levels and vault maps discovered:
D:1:      roderic_dead_forest, layout_loops_ring,
          dreamdust_ecumenical_altar_drowned_temple
D:2:      layout_rooms
D:3:      layout_rooms, mainiacjoe_overflow_alcove_1,
          minmay_misc_feat_more_columns, minivault_11, columned_hall_lemuel,
          serial_park_tiny_pond, kennysheep_path_1
D:4:      layout_cave_pods, hangedman_ru_absence,
          nicolae_overflow_crystal_walls, uniq_sigmund, uniq_pikel
D:5:      kennysheep_steamy, layout_basic, trog_butcher_becter,
          gammafunk_temple_overflow_wave, temple_pool_b, uniq_duvessa,
          uniq_edmund

Skill      XL: |  1  2  3  4  5  6  7  8 |
---------------+-------------------------+-----
Armour         | 4 5 6 7 8 |  8.2
Shields        | 4 5 6 |  6.2
Dodging        | 1 2 3 4 |  4.3
Fighting       | 4 5 6 |  6.3
Axes           | 3 4 5 |  5.6
Evocations     | 1 2 |  2.9

Action                     |  1- 3 |  4- 6 |  7- 9 || total
---------------------------+-------+-------+-------++-------
  Melee: War axe           |    97 |   119 |   112 ||   328
         Headbutt          |    11 |    20 |    21 ||    52
 Invoke: Sacrifice Drink   |       |       |     1 ||     1
  Evoke: Wand              |       |       |     2 ||     2
    Use: Scroll            |     4 |     5 |     6 ||    15
         Potion            |     1 |     2 |       ||     3
 Armour: Scale mail        |    52 |    57 |    35 ||   144
  Dodge: Dodged            |    64 |    66 |    58 ||   188
  Block: Buckler           |    24 |    40 |    40 ||   104
